 Dungeon Crawl Stone Soup version 0.28.0-47-ge53b351184 (webtiles) character file.

Game seed: 8356454632192848400

295112 Exodus22XD the Slayer (level 18, -2/152 HPs)
             Began as a Minotaur Fighter on May 8, 2022.
             Was the Champion of Ru.
             Slain by an ancient zyme (11 damage)
             ... on level 2 of the Abyss.
             The game lasted 02:02:32 (42528 turns).

Exodus22XD the Slayer (Minotaur Fighter)           Turns: 42528, Time: 02:02:34

Health: -2/152     AC: 29    Str: 38    XL:     18   Next: 5%
Magic:  17/17      EV:  8    Int:  5    God:    Ru [******]
Gold:   3549       SH:  0    Dex: 10    Spells: 17/17 levels left

rFire   + + .      SeeInvis .   k - +6 demon trident (venom)
rCold   x . .      Faith    .   c - +2 tower shield {AC+3}
rNeg    . . .      Spirit   .   h - +1 plate armour {rF+}
rPois   +          Reflect  +   P - +0 hat of Fedhas's Regard {rPois rC- Will+}
rElec   +          Harm     .   N - +2 cloak {rCorr}
rCorr   +          Rampage  .   b - +1 pair of gloves {Str+3}
Will    ++...                   (no boots)
Stlth   ..........              U - amulet of the Cockroach {Reflect rCorr SH+5}
HPRegen 0.00/turn               T - +4 ring of slaying
MPRegen 0.15/turn               w - ring of Xexzagim {Fly rElec rF+ Str+6 Stlth-}

@: confused, about to teleport, sick, flying
A: horns 2, inability to use devices, inability to train dodging, no earth
magic, no summoning magic, no transmutations magic, inexperienced 1, retaliatory
headbutt, [frail 2]
}: 2/15 runes: decaying, serpentine
a: Renounce Religion, Draw Out Power, Power Leap, Apocalypse


You were on level 2 of the Abyss.
You worshipped Ru.
Ru was exalted by your worship.
You visited 6 branches of the dungeon, and saw 34 of its levels.
You visited the Abyss 2 times.
You also visited: Gauntlet and Ice Cave.

You collected 5717 gold pieces.
You spent 2168 gold pieces at shops.

Inventory:

Hand Weapons
 k - a +6 demon trident of venom (weapon)
 m - a +2 trident of protection
 r - a +0 broad axe of venom
 F - the +8 frozen axe "Frostbite" {freezing cloud, *Noise Fly rC+}
   (You found it in an ice cave)

   It freezes those it strikes, dealing additional cold damage.
   It can also slow down cold-blooded creatures.
   It occasionally leaves clouds of freezing vapour upon striking a foe.
   It grants immunity to clouds of freezing vapour.
   rC:        It protects you from cold.
   Fly:       It grants you flight.
   *Noise:    It may make noises in combat.
 O - the +5 spear of the Walnut {vamp, rN+++ Int+8 Dex-5 Stlth+}
   (You found it on level 14 of the Dungeon)

   It occasionally heals its wielder for a portion of the damage dealt when it
   wounds a living foe.
   Int:       It affects your intelligence (+8).
   Dex:       It affects your dexterity (-5).
   rN:        It renders you almost immune to negative energy.
   Stlth:     It makes you more stealthy.
Armour
 b - a +1 pair of gloves of strength (worn)
 c - a +2 tower shield of protection (worn)
 h - a +1 plate armour of fire resistance (worn)
 B - a +2 kite shield of reflection
 N - a +2 cloak of preservation (worn)
 P - the +0 hat of Fedhas's Regard (worn) {rPois rC- Will+}
   (You found it in a Gauntlet)

   rC:        It makes you vulnerable to cold.
   rPois:     It protects you from poison.
   Will:      It increases your willpower.
Jewellery
 n - the ring "Voicocuvamp" {Fire SInv}
   (You found it on level 1 of the Swamp)

   [ring of fire]

   It enhances your fire magic.
   rF:        It protects you from fire.
   rC:        It makes you vulnerable to cold.
   SInv:      It lets you see invisible.
 o - a ring of protection from fire
 w - the ring of Xexzagim (right hand) {Fly rElec rF+ Str+6 Stlth-}
   (You bought it in a shop on level 14 of the Dungeon)

   [ring of strength]

   Str:       It affects your strength (+6).
   rF:        It protects you from fire.
   rElec:     It insulates you from electricity.
   Fly:       It grants you flight.
   Stlth:     It makes you less stealthy.
 z - a +6 ring of strength
 C - a ring of protection from cold
 E - a ring of resist corrosion
 J - the ring of Ixye {Fly Stlth+}
   (You found it in an ice cave)

   [ring of flight]

   Fly:       It grants you flight.
   Stlth:     It makes you more stealthy.
 T - a +4 ring of slaying (left hand)
 U - the amulet of the Cockroach (around neck) {Reflect rCorr SH+5}
   (You found it in an ice cave)

   [amulet of reflection]

   It reflects blocked missile attacks.
   rCorr:     It protects you from acid and corrosion.
   SH:        It affects your SH (+5).
 V - an amulet of regeneration
 Z - the ring "Yffileco" {Str+3 Int+6 SInv}
   (You found it in an ice cave)

   [ring of intelligence]

   Str:       It affects your strength (+3).
   Int:       It affects your intelligence (+6).
   SInv:      It lets you see invisible.
Scrolls
 a - 4 scrolls of identify
 e - 2 scrolls of vulnerability
 f - 4 scrolls of immolation
 g - 7 scrolls of magic mapping
 l - 4 scrolls of enchant armour
 q - 4 scrolls of blinking
 s - 15 scrolls of teleportation
 v - 6 scrolls of fear
 x - 2 scrolls of torment
 y - 5 scrolls of summoning
 D - 10 scrolls of fog
 H - 5 scrolls of enchant weapon
 M - 2 scrolls of acquirement
 Q - a scroll of silence {unknown}
Potions
 d - 2 potions of might
 i - 2 potions of haste
 j - 2 potions of lignification
 p - a potion of heal wounds
 t - 8 potions of curing
 u - 2 potions of cancellation
 A - 5 potions of mutation
 G - 2 potions of resistance
 I - 7 potions of flight
 K - 2 potions of magic
 L - 5 potions of ambrosia
 W - 5 potions of berserk rage
Miscellaneous
 R - a phantom mirror
 S - a phial of floods


   Skills:
 + Level 23.6 Fighting
 + Level 23.2(23.3) Axes
 - Level 3.0(15.6) Maces & Flails
 - Level 1.0(15.4) Polearms
 + Level 20.0 Armour
 + Level 21.2 Shields


You had 17 spell levels left.
You didn't know any spells.
Your spell library contained the following spells:

 Spells                   Type           Power      Damage    Failure   Level
 Corpse Rot               Necr/Air       0%         N/A       99%         2
 Dispel Undead            Necr           0%         3d6       100%        4
 Death Channel            Necr           0%         N/A       100%        6


Dungeon Overview and Level Annotations

Branches:
Dungeon (15/15)            Temple (0/1) D:7            Lair (6/6) D:10
  Swamp (4/4) Lair:3        Snake (4/4) Lair:2        Slime (0/5) Lair:6
    Orc (2/2) D:10            Elf (0/3) Orc:2        Vaults (3/5) D:14
  Crypt (0/3) Vaults:2     Depths (0/4) D:15          IceCv (visited)
Gauntlet (visited)

Altars:
Ru
Trog
Uskayaw
Beogh
Jiyva

Shops:
D:7 *   D:10 **!(:   D:14 *   Orc:2 :[[[   Snake:4 *[:   Vaults:1 (

Annotations:
D:5 2 transporters
D:8 2 transporters, spica's ghost, novice HOBe


Innate Abilities, Weirdness & Mutations

You have a pair of horns on your head.
You cannot study or use magical devices.
You cannot train Dodging skill.
You cannot study or cast Earth magic.
You cannot study or cast Summoning magic.
You cannot study or cast Transmutations magic.
You are somewhat inexperienced. (-2 XL)
You reflexively headbutt those who attack you in melee.
[You are very frail. (-20% HP)]


Message History

* * * LOW HITPOINT WARNING * * *
A starcursed mass splits.
You block the ancient zyme's attack. The ancient zyme barely misses you.
A deafening chorus of shrieks assaults your mind!
* * * LOW HITPOINT WARNING * * *
You block the starcursed mass's attack. The golden eye blinks at you.
You are confused.
You bump into the metal wall.
The starcursed mass is stunned by your conviction and fails to attack.
The golden eye begins to attack, but is stunned by your conviction!
The starcursed mass touches you but does no damage.
A large abomination comes into view.
The ancient zyme barely misses you.
The ancient zyme hits you but does no damage.
A chorus of shrieks assaults your mind.
* * * LOW HITPOINT WARNING * * *
You focus your inner power and slow the starcursed mass in retribution!
The wretched star begins to attack, but is stunned by your conviction!
You impale the starcursed mass!!
The starcursed mass is severely damaged.
The starcursed mass shudders and is absorbed by its neighbour.
A starcursed mass splits.
The golden eye blinks at you. You resist with almost no effort.
The starcursed mass is stunned by your conviction and fails to attack.
The golden eye turns its gaze towards you.
The wretched star pulses with an eldritch light!
You bump into the metal wall.
The golden eye turns its gaze towards you.
The ancient zyme barely misses you. The ancient zyme closely misses you.
You redirect the raiju's attack!
A starcursed mass splits.
You impale the ancient zyme!!
The ancient zyme is moderately damaged.
A deafening chorus of shrieks assaults your mind!
* * * LOW HITPOINT WARNING * * *
The ancient zyme hits you but does no damage.
The ancient zyme hits you!
You die...

.# # .# .## X# .
... ## # . #..
#### ..# ###
##.##..# ..## # #
.# ...##.#....
.###v.#.#..#XG#.#
#. ##. . #..X.@#
## .# #...#hXx##
.....#..#
.##XXX###


Xv. ... ##...#X#.# # ..####.###.#.##*..# # .# ####..##..## . . . .....#..#### .X
................ . ...... ##..# . . You could see 6 starcursed masses, a
wretched star, an ancient zyme, a large abomination, a raiju (poisoned) and a
golden eye.

Vanquished Creatures
  Mara (Snake:4)
  Vashnia (Snake:3)
  Mlioglotl (Swamp:1)
  Asterion (Snake:1)
  A lich (Vaults:1)
  Frances (Swamp:1)
  A sphinx (Vaults:3)
  Gastronok (Lair:1)
  2 thorn hunters
  Agnes (Snake:3)
  Kirke (Snake:1)
  Donald (Swamp:1)
  A tengu reaver (Vaults:1)
  Roxanne (D:14)
  2 fenstrider witches (Swamp:2)
  A nagaraja (Snake:3)
  11 vault wardens
  Aizul (Snake:1)
  A ghoul (Swamp:3)
  A draconian knight (IceCv)
  4 very ugly things (Vaults:2)
  A war gargoyle (Vaults:2)
  A stone giant (Vaults:1)
  5 ironbound preservers (Vaults:2)
  2 ironbound thunderhulks
  3 dire elephants (Vaults:2)
  An eleionoma (Swamp:3)
  An entropy weaver (Vaults:1)
  5 white draconians (IceCv)
  A minotaur (Gauntlet)
  The ghost of Irhican the Severer, a journeyman MiBe of Trog (Lair:3)
  4 crystal guardians
  6 bunyips
  2 ettins
  3 yaktaur captains
  The ghost of Cylozxuq the Spear-Bearer, a journeyman OpFi of Gozag (Lair:5)
  A great orb of eyes (Vaults:3)
  32 hydras
  2 shambling mangroves
  18 naga warriors
  2 salamander tyrants (Snake:4)
  4 catoblepae
  10 vault guards
  2 ghost crabs
  2 boulder beetles
  6 ironbound frosthearts
  3 peacekeepers
  13 anacondas
  7 centaur warriors
  2 two-headed ogres
  A death knight (D:13)
  6 alligators
  15 death yaks
  A tengu warrior (D:15)
  A thrashing horror (Abyss:3)
  A vampire mage (Vaults:2)
  3 orc high priests (Orc:2)
  11 naga sharpshooters
  Sonja (Lair:2)
  3 shock serpents
  A skeletal warrior (Vaults:2)
  12 spriggans
  A fire crab (Gauntlet)
  A fire crab (shapeshifter) (D:15)
  20 deep trolls
  10 goliath frogs
  10 salamander mystics (Snake:4)
  A death drake (Gauntlet)
  A spatial maelstrom (Abyss:2)
  8 bog bodies
  8 spriggan druids
  9 naga ritualists
  An orange crystal statue (IceCv)
  A phantasmal warrior (Vaults:2)
  6 harpies (Vaults:1)
  10 ironbound convokers
  6 wizards
  15 lindwurms
  7 swamp dragons
  3 deep elf pyromancers (D:14)
  3 necromancers
  A human zombie (Vaults:3)
  A large abomination (Abyss:2)
  6 orc knights
  A spectral wolf spider (Gauntlet)
  2 will-o-the-wisps
  A fire giant zombie (Vaults:3)
  12 mana vipers
  7 manticores
  5 orc sorcerers (Orc:2)
  A spectral centaur (Gauntlet)
  14 salamanders
  25 ugly things
  2 cyclopes
  Maurice (D:12)
  12 elephants
  15 vault sentinels
  A molten gargoyle (Lair:4)
  49 black mambas
  2 gargoyles
  8 guardian serpents
  14 naga magi
  12 cane toads
  A torpor snail (Lair:4)
  A demonic crawler (Abyss:2)
  An elf skeleton (Vaults:1)
  3 rime drakes
  6 storm dragon simulacra (IceCv)
  An unseen horror (D:12)
  5 kobold demonologists
  25 yaktaurs
  8 komodo dragons
  A tengu conjurer (D:15)
  8 golden dragon simulacra (IceCv)
  9 hornets
  A queen bee (D:10)
  6 trolls
  3 meliai (D:14)
  3 polar bears
  An ancient zyme (Abyss:2)
  9 tyrant leeches
  19 slime creatures
  16 blink frogs
  A sphinx simulacrum (Vaults:1)
  An ettin zombie (Vaults:3)
  A dream sheep (Lair:3)
  A jumping spider (Vaults:1)
  4 vampires
  2 wraiths (Vaults:2)
  4 wyverns
  5 basilisks
  A fire bat (shapeshifter) (D:14)
  7 hogs (Snake:1)
  78 yaks
  4 fire bats (Gauntlet)
  A neqoxec (Abyss:2)
  2 redbacks (Vaults:1)
  2 steam dragons (D:9)
  Grum (D:8)
  3 vampire mosquitoes
  A spatial vortex (Abyss:2)
  33 nagas
  An acid dragon (D:13)
  13 swamp worms
  15 water moccasins
  2 hell hounds (Gauntlet)
  3 human skeletons
  An ice dragon simulacrum (IceCv)
  13 swamp drakes
  4 necrophages
  19 orc warriors
  A hornet zombie (D:8)
  2 starcursed masses (Abyss:2)
  3 ice beasts
  4 black bears
  9 centaurs
  An ettin simulacrum (Vaults:1)
  6 ogres
  9 wolves
  5 kobold brigands
  2 scorpions
  14 bullfrogs
  A gnoll sergeant (D:13)
  A water moccasin skeleton (D:4)
  A wyvern skeleton (D:7)
  6 lindwurm simulacra (IceCv)
  4 wights (D:7)
  26 killer bees
  2 howler monkeys
  4 centaur zombies
  A bullfrog zombie (D:5)
  A human simulacrum (Vaults:1)
  2 hounds
  21 orc priests
  A gnoll shaman (D:7)
  3 iguanas (D:6)
  Ijyb (D:2)
  Natasha (thrice) (D:4)
  26 orc wizards
  3 polar bear simulacra (Lair:4)
  4 yak simulacra (Lair:4)
  2 wolf simulacra (Lair:4)
  A killer bee zombie (D:8)
  A hound skeleton (D:5)
  2 howler monkey zombies
  Robin (D:3)
  10 gnolls
  2 adders
  A shadow imp (D:7)
  2 white imps (D:7)
  3 ufetubi
  3 worms
  3 dart slugs
  103 orcs
  4 ball pythons
  3 bats
  3 endoplasms
  A giant cockroach (D:2)
  19 goblins
  6 hobgoblins
  2 jackals (D:1)
  2 quokkas
  4 frilled lizards
  24 kobolds
  11 rats
  2 river rat simulacra (Lair:4)
  10 briar patches (Swamp:4)
  A lurking horror (Abyss:2)
  3 toadstools (D:1)
1292 creatures vanquished.

Vanquished Creatures (collateral kills)
  A steam dragon (D:6)
1 creature vanquished.

Vanquished Creatures (others)
  An ironbound preserver (Vaults:2)
  A dire elephant (Vaults:2)
  A shambling mangrove (Swamp:4)
  2 hydras
  A naga warrior (Snake:2)
  A death yak (Lair:4)
  A spriggan (Swamp:1)
  A deep troll (Vaults:2)
  A mana viper (Snake:2)
  3 wizards
  A harpy (Vaults:1)
  An ugly thing (Vaults:1)
  A black mamba (Snake:2)
  A centaur zombie (D:6)
  A yaktaur (Vaults:3)
  A rime drake (Lair:5)
  A hornet (Swamp:1)
  4 bloated husks
  2 yaks (Lair:6)
  An ogre (D:6)
  A centaur (D:5)
  A killer bee (D:10)
  An orc priest (Orc:2)
  An orc wizard (D:6)
  A kobold (D:12)
  3 briar patches (Swamp:4)
  4 foxfires (Swamp:4)
  71 fungi
  77 plants
  A toadstool (D:1)
188 creatures vanquished.

Grand Total: 1481 creatures vanquished

Notes
Turn   | Place    | Note
-------+----------+-------------------------------------------
     0 | D:1      | Exodus22XD the Minotaur Fighter began the quest for the
                  | Orb.
     0 | D:1      | Reached XP level 1. HP: 19/19 MP: 0/0
    56 | D:1      | Found a faded altar of an unknown god.
    75 | D:1      | Prayed at the altar of an unknown god.
    75 | D:1      | Became a worshipper of Ru the Awakened
    88 | D:1      | Gained mutation: You cannot train Dodging skill. [Ru
                  | sacrifice]
    88 | D:1      | Reached * piety under Ru
   263 | D:1      | Reached XP level 2. HP: 25/27 MP: 1/1
  1251 | D:2      | Reached XP level 3. HP: 33/33 MP: 2/2
  2035 | D:3      | Noticed Robin
  2067 | D:2      | Reached XP level 4. HP: 13/40 MP: 3/3
  2229 | D:3      | Noticed Ijyb
  2244 | D:2      | Killed Ijyb
  2439 | D:2      | Reached XP level 5. HP: 13/47 MP: 4/4
  2675 | D:3      | Reached skill level 5 in Armour
  2678 | D:3      | Killed Robin
  2967 | D:3      | Gained mutation: You are somewhat inexperienced. (-2 XL)
                  | [Ru sacrifice]
  2967 | D:3      | Reached XP level 4. HP: 41/41 MP: 3/3
  2967 | D:3      | Reached XP level 3. HP: 35/35 MP: 2/2
  2967 | D:3      | Reached ** piety under Ru
  2967 | D:3      | Reached *** piety under Ru
  3514 | D:4      | Reached skill level 5 in Axes
  3514 | D:4      | Reached XP level 4. HP: 34/41 MP: 3/3
  3783 | D:4      | Noticed a moth of wrath
  3787 | D:4      | Found a bloodstained altar of Trog.
  3881 | D:4      | Reached skill level 5 in Fighting
  4257 | D:4      | Noticed Natasha
  4264 | D:4      | Killed Natasha
  4287 | D:4      | Noticed Natasha
  4292 | D:4      | Killed Natasha
  4805 | D:4      | Noticed Natasha
  4823 | D:4      | Killed Natasha
  4901 | D:5      | Entered Level 5 of the Dungeon
  4908 | D:5      | Reached XP level 5. HP: 48/48 MP: 4/4
  5161 | D:5      | Found a transporter.
  5435 | D:5      | Gained mutation: You cannot study or cast Earth magic. [Ru
                  | sacrifice]
  5435 | D:5      | Gained mutation: You cannot study or cast Transmutations
                  | magic. [Ru sacrifice]
  5435 | D:5      | Gained mutation: You cannot study or cast Summoning magic.
                  | [Ru sacrifice]
  5435 | D:5      | Reached **** piety under Ru
  5806 | D:5      | Found a transporter.
  5807 | D:5      | Noticed a fire bat
  5807 | D:5      | Noticed a fire bat
  6118 | D:6      | Reached XP level 6. HP: 57/57 MP: 5/5
  6546 | D:6      | Reached skill level 5 in Shields
  6994 | D:7      | Reached skill level 10 in Axes
  6997 | D:7      | Reached XP level 7. HP: 27/66 MP: 6/6
  7986 | D:7      | Found Buahuow's General Store.
  7989 | D:7      | Bought a scroll of identify for 24 gold pieces
  8331 | D:7      | Found a staircase to the Ecumenical Temple.
  8475 | D:7      | Bought a +0 broad axe for 48 gold pieces
  8475 | D:7      | Bought a scroll of enchant weapon for 90 gold pieces
  8815 | D:8      | Noticed Grum
  8821 | D:8      | Killed Grum
  8847 | D:8      | Reached XP level 8. HP: 45/77 MP: 7/7
  9207 | D:8      | Noticed spica's ghost (novice HOBe)
  9210 | D:8      | Found a transporter.
  9210 | D:8      | Found a transporter.
  9210 | D:8      | Identified the +0 great mace of Brutal Revenge {freeze, rC+
                  | rN++ Str-2 Dex-4}
  9210 | D:8      | Identified the +10 great mace of Doom {freeze, rF+ Dex+2
                  | SInv}
  9210 | D:8      | Noticed a two-headed ogre
  9375 | D:8      | Noticed a two-headed ogre
  9381 | D:8      | Killed a two-headed ogre
 10245 | D:9      | Noticed a manticore
 10254 | D:9      | Killed a manticore
 11081 | D:10     | Entered Level 10 of the Dungeon
 11096 | D:10     | Found a staircase to the Lair.
 11120 | D:10     | Reached skill level 10 in Armour
 11517 | D:10     | Reached skill level 10 in Fighting
 11548 | D:10     | Found a staircase to the Orcish Mines.
 11596 | D:10     | Found Lalu's General Store.
 11596 | D:10     | Noticed a two-headed ogre
 11603 | D:10     | Killed a two-headed ogre
 11604 | D:10     | Reached XP level 9. HP: 48/85 MP: 8/8
 11761 | D:10     | Found Risestek's Assorted Antiques.
 11810 | D:10     | Found Ofaom's Distillery.
 11846 | D:10     | Bought a potion of curing for 42 gold pieces
 11846 | D:10     | Bought a potion of heal wounds for 70 gold pieces
 11846 | D:10     | Bought a potion of heal wounds for 70 gold pieces
 12866 | D:10     | Reached skill level 15 in Axes
 13125 | D:10     | Found Likkail's Weapon Emporium.
 13150 | D:10     | Found Enuriuc's Book Shop.
 13581 | D:11     | Identified a scroll of acquirement
 13582 | D:11     | Acquired 1039 gold pieces
 13678 | D:11     | Noticed a six-headed hydra
 13685 | D:11     | Killed a six-headed hydra
 13764 | D:11     | Identified the +10 long sword "Bado" {protect, *Slow rElec
                  | rF+}
 14691 | D:12     | Noticed Maurice
 14701 | D:12     | Killed Maurice
 14849 | D:12     | Reached XP level 10. HP: 71/96 MP: 9/9
 15356 | D:12     | Noticed a five-headed hydra
 15372 | D:12     | Killed a five-headed hydra
 15550 | D:12     | Reached skill level 1 in Maces & Flails
 16146 | Lair:1   | Entered Level 1 of the Lair of Beasts
 16195 | Lair:1   | Found a gate leading to a gauntlet.
 16205 | Gauntlet | Entered a Gauntlet
 16205 | Gauntlet | Found a transporter.
 16205 | Gauntlet | Found a transporter.
 16205 | Gauntlet | Found a transporter.
 16206 | Gauntlet | Found a transporter.
 16209 | Gauntlet | Found a transporter.
 16230 | Gauntlet | Found a transporter.
 16234 | Gauntlet | Found a transporter.
 16241 | Gauntlet | Found a transporter.
 16258 | Gauntlet | Found a transporter.
 16266 | Gauntlet | Found a transporter.
 16267 | Gauntlet | Noticed a catoblepas
 16283 | Gauntlet | Found a transporter.
 16334 | Gauntlet | Found a transporter.
 16728 | Gauntlet | Acquired 1032 gold pieces
 16771 | Gauntlet | Identified the +0 hat of Fedhas's Regard {rPois rC- Will+}
 17003 | Gauntlet | Found the +1 robe of Vines {NoPotionHeal Regen++++}
 17003 | Gauntlet | Noticed a minotaur
 17009 | Gauntlet | Killed a minotaur
 17105 | Lair:1   | Noticed a five-headed hydra
 17118 | Lair:1   | Killed a five-headed hydra
 17659 | Lair:1   | Noticed Gastronok
 17677 | Lair:1   | Killed Gastronok
 18302 | Lair:2   | Noticed a four-headed hydra
 18312 | Lair:2   | Killed a four-headed hydra
 18514 | Lair:2   | Reached XP level 11. HP: 91/105 MP: 10/10
 18751 | Lair:2   | Found a staircase to the Snake Pit.
 19161 | Lair:2   | Noticed Sonja
 19173 | Lair:2   | Killed Sonja
 20099 | Lair:3   | Found a staircase to the Swamp.
 20228 | Lair:3   | Found a transporter.
 20230 | Lair:3   | Noticed Irhican's ghost (journeyman MiBe)
 20232 | Lair:3   | Found a transporter.
 20318 | Lair:3   | Reached skill level 10 in Shields
 21104 | Lair:2   | Gained mutation: You cannot study or use magical devices.
                  | [Ru sacrifice]
 21104 | Lair:2   | Reached ***** piety under Ru
 21104 | Lair:2   | Reached ****** piety under Ru
 21820 | Lair:4   | Reached XP level 12. HP: 69/118 MP: 11/11
 22955 | Lair:5   | Noticed Cylozxuq's ghost (journeyman OpFi)
 22960 | Lair:5   | Found a runed translucent door.
 22980 | Lair:5   | Killed Cylozxuq's ghost
 23143 | Lair:6   | Entered Level 6 of the Lair of Beasts
 23260 | Lair:6   | Reached skill level 15 in Fighting
 23345 | Lair:6   | Found a viscous altar of Jiyva.
 23347 | Lair:6   | Found a staircase to the Slime Pits.
 23642 | Lair:6   | Reached skill level 15 in Armour
 24426 | Orc:1    | Entered Level 1 of the Orcish Mines
 24511 | Orc:2    | Entered Level 2 of the Orcish Mines
 24608 | Orc:2    | Found a staircase to the Elven Halls.
 24988 | Orc:2    | Reached XP level 13. HP: 130/130 MP: 12/12
 25097 | Orc:2    | Found Ulaup's Antique Armour Shoppe.
 25445 | Orc:2    | Found Piff's Armour Shoppe.
 25446 | Orc:2    | Found Utill's Antique Armour Boutique.
 25446 | Orc:2    | Found Oneuxiga's Book Boutique.
 25478 | Orc:2    | Bought a +1 pair of gloves of strength for 198 gold pieces
 25505 | Orc:2    | Bought a shiny plate armour for 728 gold pieces
 25533 | Orc:2    | Bought a +2 tower shield of protection for 258 gold pieces
 25728 | Lair:3   | Killed Irhican's ghost
 25779 | Snake:1  | Entered Level 1 of the Snake Pit
 25883 | Snake:1  | Noticed Kirke
 25896 | Snake:1  | Killed Kirke
 25998 | Snake:1  | Noticed Aizul
 26014 | Snake:1  | Killed Aizul
 26226 | Snake:1  | Noticed Asterion
 26331 | Snake:1  | Killed Asterion
 27179 | Snake:2  | Identified the +10 scimitar "Jotema Loami" {flame, rC- SInv
                  | Stlth+}
 27701 | Snake:2  | Reached XP level 14. HP: 134/141 MP: 2/13
 28062 | Snake:3  | Noticed Agnes
 28069 | Snake:3  | Killed Agnes
 28664 | Snake:3  | Noticed Vashnia
 28687 | Snake:3  | Killed Vashnia
 28830 | Snake:4  | Entered Level 4 of the Snake Pit
 28830 | Snake:4  | Noticed Mara
 28837 | Snake:4  | Noticed Exodus22XD's illusion
 29206 | Snake:4  | Found Positeg's Book Emporium.
 29254 | Snake:4  | HP: 6/123 [Mara/+6 demon trident of venom (24)]
 29260 | Snake:4  | Killed Mara
 29587 | Snake:4  | Found Pacro's Armour Boutique.
 29682 | Snake:4  | Found Aheom's General Store.
 30360 | Snake:4  | Reached skill level 15 in Shields
 30982 | Snake:4  | Reached XP level 15. HP: 110/152 MP: 14/14
 31294 | Snake:4  | Got a serpentine rune of Zot
 31606 | Swamp:1  | Entered Level 1 of the Swamp
 31875 | Swamp:1  | Identified the ring "Voicocuvamp" {Fire SInv}
 31923 | Swamp:1  | Noticed Donald
 31939 | Swamp:1  | Killed Donald
 31967 | Swamp:1  | Noticed Mlioglotl
 31981 | Swamp:1  | Noticed Frances
 32003 | Swamp:1  | Killed Frances
 32068 | Swamp:1  | Killed Mlioglotl
 32645 | Swamp:2  | Reached skill level 1 in Polearms
 32856 | Swamp:2  | Paralysed by a fenstrider witch for 4 turns
 33811 | Swamp:4  | Entered Level 4 of the Swamp
 34039 | Swamp:4  | Reached XP level 16. HP: 107/163 MP: 15/15
 34340 | Swamp:4  | Got a decaying rune of Zot
 34942 | D:13     | Found a hide-covered altar of Uskayaw.
 35256 | D:13     | You fall into a shaft and drop 2 floors!
 35256 | D:15     | Entered Level 15 of the Dungeon
 35360 | D:15     | Found a frozen archway.
 35373 | IceCv    | Entered an ice cave
 35753 | IceCv    | Found the +8 frozen axe "Frostbite" {freezing cloud, *Noise
                  | Fly rC+}
 35798 | IceCv    | Identified the ring of Ixye {Fly Stlth+}
 35802 | IceCv    | Identified the amulet of the Cockroach {Reflect rCorr SH+5}
 35812 | IceCv    | Identified the ring "Yffileco" {Str+3 Int+6 SInv}
 36353 | D:14     | Found Puaggess's Assorted Antiques.
 36361 | D:14     | Bought a potion of heal wounds for 160 gold pieces
 36361 | D:14     | Bought a potion of haste for 320 gold pieces
 36363 | D:14     | Bought a flickering silver ring for 160 gold pieces
 36363 | D:14     | Identified the ring of Xexzagim {Fly rElec rF+ Str+6
                  | Stlth-} (You bought it in a shop on level 14 of the
                  | Dungeon)
 36407 | D:14     | Noticed Roxanne
 36428 | D:14     | Killed Roxanne
 36534 | D:14     | Identified the +5 spear of the Walnut {vamp, rN+++ Int+8
                  | Dex-5 Stlth+}
 36693 | D:14     | Found a gate to the Vaults.
 37105 | Vaults:1 | Entered Level 1 of the Vaults
 38429 | Vaults:1 | Reached XP level 17. HP: 158/176 MP: 16/16
 38488 | Vaults:1 | Found Hizil's Antique Weapon Shoppe.
 40250 | Vaults:2 | Found a staircase to the Crypt.
 41863 | Vaults:3 | Cast into level 3 of the Abyss (a wizard)
 41884 | Vaults:3 | Escaped the Abyss
 42217 | Vaults:3 | Reached XP level 18. HP: 160/186 MP: 17/17
 42324 | Vaults:3 | Cast into level 2 of the Abyss (a wizard)
 42528 | Abyss:2  | Slain by an ancient zyme

Illustrated notes

Levels and vault maps discovered:
D:1:      ldierk_water_garden, layout_loops_corners,
          hellmonk_ecumenical_altar_blasted, serial_park_tiny_1,
          minmay_tree_intersection
D:2:      layout_basic, minmay_misc_feat_tiny, hangedman_decor_growths,
          kennysheep_generic_room_9
D:3:      layout_rooms, nicolae_elevator_lobby_plus, uniq_robin, uniq_ijyb
D:4:      layout_basic, tgw_trog, minivault_24, uniq_natasha
D:5:      gammafunk_cloud_chamber, layout_basic, minmay_statues_item
D:6:      layout_cave_pools
D:7:      layout_loops_cross, temple_fountains, serial_shops, nicolae_shop_stone
D:8:      layout_basic, gammafunk_ghost_smash, uniq_grum
D:9:      layout_gridville
D:10:     layout_loops_corners, due_lair_maze_entry_diamond, hiddenorc1_lemuel,
          serial_shops, nicolae_shop_stone, shop, nicolae_shop_window_shopping,
          nicolae_diamond_shop, nicolae_shop_waterfront, abandoned_shop,
          minivault_7
D:11:     layout_gridville, minmay_misc_feat_roman
D:12:     layout_irregular_city, uniq_maurice
D:13:     layout_loops_corners, nicolae_uskayaw_dance_hall
D:14:     layout_basic, lightli_vaults_fourway_checkpoint,
          chequers_serial_rivers_small_3, serial_shops, shop_fountains,
          uniq_roxanne
D:15:     hangedman_depths_entry_civil_slaughter, layout_layer_cave,
          portal_ice_cave_entry_pillars_three,
          nicolae_kikubaaqudgha_miasma_corner
Lair:1:   layout_regular_city, gauntlet_entry_generic, minivault_11,
          minmay_stone_trees_large, uniq_gastronok
Lair:2:   layout_regular_city, guppyfry_snake_entry_island, grunt_megastairs_3,
          uniq_sonja
Lair:3:   layout_long_grid, skrybe_swamp_entry_bodies, gammafunk_ghost_arena
Lair:4:   layout_gridlike, eino_house_with_fridge
Lair:5:   layout_regular_city, hellmonk_ghost_happy_afterlife
Lair:6:   evilmike_catoblepas_cave, layout_misc_corridors, slime_altar_1,
          columned_hall_lemuel, infiniplex_staircase_pool_2
Swamp:1:  nicolae_swamp_tree_isthmus, layout_basic_swamp, nicolae_swamp_oxbows,
          uniq_donald, uniq_frances, uniq_mlioglotl
Swamp:2:  layout_basic_swamp, nicolae_swamp_big_swirl
Swamp:3:  layout_basic_swamp, nicolae_swamp_dense_foliage,
          infiniplex_staircase_pool
Swamp:4:  swamp, layout_basic_swamp
Snake:1:  layout_gridlike, st_stairs_7, uniq_asterion, uniq_kirke, uniq_aizul
Snake:2:  layout_misc_corridors
Snake:3:  layout_concentric_octagons, nicolae_coiled_stairwell_up, uniq_vashnia,
          uniq_agnes
Snake:4:  snake_pit_salamanders_mu, layout_chambers, serial_shops, shop, shop,
          shop_fountains, uniq_mara
Orc:1:    layout_diamond_mine, basic_altar, special_room [special_room_orc]
Orc:2:    st_orc_elflike, layout_caves, minmay_orc_temple_b
Vaults:1: v_misc_13, hangedman_vaults_river_flow, nicolae_vaults_sealed_display,
          vaults_standard_mumra_lines, v_misc_4,
          nicolae_vaults_little_squares_1, nicolae_vaults_circle_grid_b,
          vaults_room_pools, v_alt_pattern_5, hangedman_vaults_locks,
          nicolae_vaults_octagons, nicolae_vaults_asterisk, v_misc_25,
          hangedman_vaults_stretched_pinwheel, nicolae_vaults_theta,
          layout_vaults_maze_bifur, serial_shops, nicolae_square_shop
Vaults:2: ontoclasm_vaults_ring_small, nicolae_vaults_arrows,
          minmay_crypt_entry_simple_corners, v_misc_9, hangedman_vaults_hat,
          hangedman_vaults_stitches, vaults_dpeg_ring,
          nicolae_vaults_angled_halls, layout_vaults_omnigrid
Vaults:3: nicolae_vaults_border_crossing, nicolae_vaults_stairing_the_circle,
          hangedman_vaults_capsules, vaults_room_pools,
          nicolae_vaults_diagonal_hallway_8, hangedman_vaults_nails, v_misc_2,
          nicolae_vaults_rhombus_5, grunt_vaults_focal,
          hangedman_vaults_restitches, nicolae_vaults_ring_of_whatevers,
          nicolae_vaults_diagonal_hallway_6, layout_vaults_ring, uniq_jory
Abyss:2:  base:
D:4

Skill      XL: |  1  2  3  4  5  6  7  8  9 10 11 12 13 14 15 16 17 18 |
---------------+-------------------------------------------------------+-----
Shields        | 4 5 6 7 8 10 12 13 15 16 18 21 | 21.2
Fighting       | 4 5 7 8 10 11 12 14 16 17 19 20 22 23 | 23.6
Armour         | 4 6 5 7 8 10 11 13 14 15 16 17 18 19 20 | 20.0
Axes           | 5 6 8 10 12 14 16 17 18 20 21 22 23 | 23.2
Maces & Flails | 3 |  3.0
Polearms       | 1 |  1.0

Action                   |  1- 3 |  4- 6 |  7- 9 | 10-12 | 13-15 | 16-18 || total
-------------------------+-------+-------+-------+-------+-------+-------++-------
Melee: War axe           |   131 |   186 |    58 |       |       |       ||   375
       Headbutt          |    13 |    33 |    82 |   181 |   254 |   282 ||   845
       Broad axe         |       |       |   334 |   665 |   992 |    69 ||  2060
       Whip              |       |       |     5 |    78 |     1 |       ||    84
       Demon trident     |       |       |       |       |    77 |  1068 ||  1145
Invok: Sacrifice Nimblen |     1 |       |       |       |       |       ||     1
       Sacrifice Experie |     1 |       |       |       |       |       ||     1
       Draw Out Power    |       |     3 |       |     2 |     2 |       ||     7
       Sacrifice Arcana  |       |     1 |       |       |       |       ||     1
       Reject Sacrifices |       |       |     2 |       |       |       ||     2
       Power Leap        |       |       |     1 |     2 |       |       ||     3
       Sacrifice Artific |       |       |       |     1 |       |       ||     1
       Apocalypse        |       |       |       |       |     5 |     2 ||     7
  Use: Scroll            |       |     6 |    10 |    10 |     4 |     3 ||    33
       Potion            |       |     1 |     1 |     5 |     6 |     4 ||    17
 Stab: Distracted        |     1 |       |     1 |     4 |     9 |     6 ||    21
       Invisible         |       |     1 |     5 |     7 |    11 |     2 ||    26
       Paralysed         |       |       |       |       |    26 |    12 ||    38
Armor: Scale mail        |    65 |    81 |    61 |       |       |       ||   207
       Chain mail        |       |       |    92 |   142 |       |       ||   234
       Plate armour      |       |       |       |   171 |   382 |   249 ||   802
Dodge: Dodged            |    65 |   135 |   237 |   219 |   184 |   100 ||   940
Block: Buckler           |    26 |    43 |    91 |    38 |       |       ||   198
       Kite shield       |       |       |       |   329 |   529 |    89 ||   947
       Reflection        |       |       |       |       |     2 |    79 ||    81
       Tower shield      |       |       |       |       |       |   630 ||   630
